PAAA
SANTA BARBARA GOLDEN CRANES @ FLORIDA MEN
06/05/2034
 
TOP OF THE 1ST
Santa Barbara Golden Cranes batting - Pitching for Florida Men : RHP Scott Colorado
Pitching: RHP Scott Colorado
Batting: LHB Tom Haymon 0-0: Foul Ball, location: 2F
0-1: Called Strike
0-2: Ground out U3 (Groundball, 3)
Batting: LHB Su-wu Xiao 0-0: Called Strike
0-1: Ball
1-1: Fly out, F7 (Flyball, 7)
Batting: RHB James Pike 0-0: SINGLE (Line Drive, 9LS)
Batting: LHB Jin-song Seah 0-0: Ball
1-0: Swinging Strike
1-1: Ball
Wild Pitch!
James Pike to second
2-1: SINGLE (Groundball, 4MS) (infield hit)
James Pike to third
Batting: RHB Gilbert Graham 0-0: Ball
1-0: Ball
2-0: Ball
3-0: Called Strike
3-1: Base on Balls
Jin-song Seah to second
Batting: RHB Gerardo Vázquez 0-0: Called Strike
0-1: Foul Ball, location: 2F
0-2: Foul Ball, location: 2F
0-2: Ball
1-2: Strikes out looking
Top of the 1st over - 0 runs, 2 hits, 0 errors, 3 left on base; Santa Barbara 0 - Florida 0
BOTTOM OF THE 1ST
Florida Men batting - Pitching for Santa Barbara Golden Cranes : RHP Doug Green
Pitching: RHP Doug Green
Batting: LHB Jim Halpert 0-0: Called Strike
0-1: Ball
1-1: Ball
2-1: Swinging Strike
2-2: Ball
3-2: Foul Ball, location: 2F
3-2: Strikes out swinging
Batting: SHB Henrique de Senna Fernandes 0-0: Ball
1-0: Called Strike
1-1: Ground out 4-3 (Groundball, 4)
Batting: RHB Vojtech Farkas 0-0: Ball
1-0: Fly out, F7 (Flyball, 7)
Bottom of the 1st over - 0 runs, 0 hits, 0 errors, 0 left on base; Santa Barbara 0 - Florida 0
TOP OF THE 2ND
Santa Barbara Golden Cranes batting - Pitching for Florida Men : RHP Scott Colorado
Batting: RHB Adrian Rodgers 0-0: Ball
1-0: Ground out 4-3 (Groundball, 4)
Batting: RHB Rocky Zolman 0-0: Called Strike
0-1: SINGLE (Groundball, 4MD)
Batting: RHB Freedon Akinmoladun 0-0: Ball
1-0: Called Strike
1-1: Foul Ball, location: 2F
1-2: Fly out, F7 (Flyball, 7S)
Batting: LHB Tom Haymon 0-0: Foul Ball, location: 2F
0-1: Called Strike
0-2: Strikes out swinging
Top of the 2nd over - 0 runs, 1 hit, 0 errors, 1 left on base; Santa Barbara 0 - Florida 0
BOTTOM OF THE 2ND
Florida Men batting - Pitching for Santa Barbara Golden Cranes : RHP Doug Green
Batting: RHB Jorge Díaz 0-0: Ball
1-0: Ball
2-0: Fly out, F6 (Popup, 6M)
Batting: RHB Todd Sentell 0-0: SINGLE (Line Drive, 56)
Batting: RHB Bob Phillips 0-0: Foul Ball, location: 2F
0-1: Ball
1-1: Foul Ball, location: 2F
1-2: Strikes out swinging
Batting: RHB José Córdova 0-0: Ball
1-0: Ball
2-0: Called Strike
2-1: Ball
3-1: Base on Balls
Todd Sentell to second
Batting: RHB Henry Lambright 0-0: DOUBLE (Line Drive, 9D)
Todd Sentell scores
José Córdova to third
Runner from 3rd tries for Home, SAFE, no throw
Batting: LHB Iemitsu Hatsutori 0-0: Ball
1-0: Ball
2-0: Ball
3-0: Called Strike
3-1: Base on Balls
Batting: LHB Jim Halpert 0-0: Ball
1-0: Ball
2-0: Fly out, F6 (Popup, P)
Bottom of the 2nd over - 2 runs, 2 hits, 0 errors, 2 left on base; Santa Barbara 0 - Florida 2
TOP OF THE 3RD
Santa Barbara Golden Cranes batting - Pitching for Florida Men : RHP Scott Colorado
Batting: LHB Su-wu Xiao 0-0: Fly out, F8 (Flyball, 8RD)
Batting: RHB James Pike 0-0: Foul Ball, location: 2F
0-1: Ball
1-1: Ball
2-1: Reached on error, E5 (Groundball, 56S)
Batting: LHB Jin-song Seah 0-0: SINGLE (Groundball, 34D)
James Pike to third
Batting: RHB Gilbert Graham 0-0: 3-RUN HOME RUN (Flyball, 7D), Distance : 394 ft
Batting: RHB Gerardo Vázquez 0-0: Foul Ball, location: 2F
0-1: Ball
1-1: Ground out 5-3 (Groundball, 56S)
Batting: RHB Adrian Rodgers 0-0: Swinging Strike
0-1: Ball
1-1: Foul Ball, location: 2F
1-2: Ground out U3 (Groundball, 34S)
Top of the 3rd over - 3 runs, 2 hits, 1 error, 0 left on base; Santa Barbara 3 - Florida 2
BOTTOM OF THE 3RD
Florida Men batting - Pitching for Santa Barbara Golden Cranes : RHP Doug Green
Batting: SHB Henrique de Senna Fernandes 0-0: Called Strike
0-1: Ball
1-1: Foul Ball, location: 2F
1-2: Ball
2-2: Foul Ball, location: 2F
2-2: Ball
3-2: Foul Ball, location: 2F
3-2: Base on Balls
Batting: RHB Vojtech Farkas 0-0: Called Strike
0-1: Fly out, F9 (Flyball, 9LD)
Batting: RHB Jorge Díaz 0-0: Ball
1-0: Called Strike
1-1: Fly out, F7 (Flyball, 78M)
Batting: RHB Todd Sentell 0-0: Called Strike
Henrique de Senna Fernandes is caught stealing 2nd base
Bottom of the 3rd over - 0 runs, 0 hits, 0 errors, 0 left on base; Santa Barbara 3 - Florida 2
TOP OF THE 4TH
Santa Barbara Golden Cranes batting - Pitching for Florida Men : RHP Scott Colorado
Batting: RHB Rocky Zolman 0-0: Ball
1-0: Ball
2-0: Swinging Strike
2-1: Ball
3-1: Foul Ball, location: 2F
3-2: Strikes out looking
Batting: RHB Freedon Akinmoladun 0-0: Foul Ball, location: 2F
0-1: Ground out U3 (Groundball, 34)
Batting: LHB Tom Haymon 0-0: Called Strike
0-1: Foul Ball, location: 2F
0-2: Fly out, F8 (Flyball, 8LD)
Top of the 4th over - 0 runs, 0 hits, 0 errors, 0 left on base; Santa Barbara 3 - Florida 2
BOTTOM OF THE 4TH
Florida Men batting - Pitching for Santa Barbara Golden Cranes : RHP Doug Green
Batting: RHB Todd Sentell 0-0: Called Strike
0-1: Ball
1-1: Ball
2-1: Ball
3-1: Called Strike
3-2: Base on Balls
Batting: RHB Bob Phillips 0-0: Ball
1-0: SINGLE (Line Drive, 4MD)
Todd Sentell to second
Runner from 2nd tries for 3rd, SAFE, throw made to third
Batting: RHB José Córdova 0-0: Ball
1-0: Fly out, F9 (Flyball, 9S)
Batting: RHB Henry Lambright 0-0: Called Strike
0-1: Ball
1-1: Ball
2-1: Foul Ball, location: 2F
2-2: Strikes out swinging
Batting: LHB Iemitsu Hatsutori 0-0: Called Strike
0-1: Foul Ball, location: 2F
0-2: Ball
1-2: Foul Ball, location: 2F
1-2: Foul Ball, location: 2F
1-2: Foul Ball, location: 2F
1-2: Ball
2-2: Foul Ball, location: 2F
2-2: Ball
3-2: Foul Ball, location: 2F
3-2: SINGLE (Groundball, 6MD)
Todd Sentell scores
Bob Phillips to second
Bob Phillips to third
Batting: LHB Jim Halpert 0-0: Fly out, F8 (Flyball, 8RS)
Bottom of the 4th over - 1 run, 2 hits, 0 errors, 2 left on base; Santa Barbara 3 - Florida 3
TOP OF THE 5TH
Santa Barbara Golden Cranes batting - Pitching for Florida Men : RHP Scott Colorado
Batting: LHB Su-wu Xiao 0-0: Ball
1-0: Called Strike
1-1: Foul Ball, location: 2F
1-2: Ball
2-2: Fly out, F9 (Flyball, 9LM)
Batting: RHB James Pike 0-0: Ball
1-0: Foul Ball, location: 2F
1-1: Foul Ball, location: 2F
1-2: Ball
2-2: Strikes out swinging
Batting: LHB Jin-song Seah 0-0: Ball
1-0: Ball
2-0: Ball
3-0: Called Strike
3-1: Fly out, F8 (Flyball, 78D)
Top of the 5th over - 0 runs, 0 hits, 0 errors, 0 left on base; Santa Barbara 3 - Florida 3
BOTTOM OF THE 5TH
Florida Men batting - Pitching for Santa Barbara Golden Cranes : RHP Doug Green
Batting: SHB Henrique de Senna Fernandes 0-0: Foul Ball, location: 2F
0-1: Ball
1-1: SINGLE (Groundball, 4S) (infield hit)
Batting: RHB Vojtech Farkas 0-0: Swinging Strike
0-1: Ball
1-1: Grounds into double play, 6-4-3 (Groundball, 6)
Batting: RHB Jorge Díaz 0-0: SINGLE (Flyball, 9LM)
Batting: RHB Todd Sentell 0-0: Ball
1-0: Ball
2-0: Ball
Wild Pitch!
Jorge Díaz to second
3-0: Base on Balls
Batting: RHB Bob Phillips 0-0: Ball
1-0: Foul Ball, location: 2F
1-1: Foul Ball, location: 2F
1-2: Ball
2-2: Ground out 6-3 (Groundball, 6S)
Bottom of the 5th over - 0 runs, 2 hits, 0 errors, 2 left on base; Santa Barbara 3 - Florida 3
TOP OF THE 6TH
Santa Barbara Golden Cranes batting - Pitching for Florida Men : RHP Scott Colorado
Batting: RHB Gilbert Graham 0-0: Ball
1-0: Ball
2-0: Called Strike
2-1: Foul Ball, location: 2F
2-2: Ball
3-2: Strikes out swinging
Batting: RHB Gerardo Vázquez 0-0: Ball
1-0: Called Strike
1-1: Ground out 6-3 (Groundball, 6)
Batting: RHB Adrian Rodgers 0-0: Ball
1-0: Ground out 4-3 (Groundball, 4)
Top of the 6th over - 0 runs, 0 hits, 0 errors, 0 left on base; Santa Barbara 3 - Florida 3
BOTTOM OF THE 6TH
Florida Men batting - Pitching for Santa Barbara Golden Cranes : RHP Doug Green
Batting: RHB José Córdova 0-0: Called Strike
0-1: Foul Ball, location: 2F
0-2: Fly out, F4 (Line Drive, 4)
Batting: RHB Henry Lambright 0-0: Ground out 4-3 (Groundball, 4)
Batting: LHB Iemitsu Hatsutori 0-0: Ball
1-0: Called Strike
1-1: Ball
2-1: Fly out, F6 (Popup, 6M)
Bottom of the 6th over - 0 runs, 0 hits, 0 errors, 0 left on base; Santa Barbara 3 - Florida 3
TOP OF THE 7TH
Santa Barbara Golden Cranes batting - Pitching for Florida Men : RHP Scott Colorado
Batting: RHB Rocky Zolman 0-0: Ball
1-0: Fly out, F7 (Flyball, 7S)
Batting: RHB Freedon Akinmoladun 0-0: Called Strike
0-1: Fly out, F7 (Line Drive, 7D)
Batting: LHB Tom Haymon 0-0: Ball
1-0: SINGLE (Groundball, 25) (infield hit)
Batting: LHB Su-wu Xiao 0-0: Ball
1-0: Ball
2-0: Ball
Tom Haymon is caught stealing 2nd base
Top of the 7th over - 0 runs, 1 hit, 0 errors, 0 left on base; Santa Barbara 3 - Florida 3
BOTTOM OF THE 7TH
Florida Men batting - Pitching for Santa Barbara Golden Cranes : RHP Doug Green
Batting: LHB Jim Halpert 0-0: Foul Ball, location: 2F
0-1: Fly out, F8 (Flyball, 8RXD)
Batting: SHB Henrique de Senna Fernandes 0-0: Ball
1-0: Called Strike
1-1: Foul Ball, location: 2F
1-2: Fly out, F7 (Flyball, 78S)
Batting: RHB Vojtech Farkas 0-0: Called Strike
0-1: Swinging Strike
0-2: Ball
1-2: Ball
2-2: Fly out, F9 (Flyball, 9)
Bottom of the 7th over - 0 runs, 0 hits, 0 errors, 0 left on base; Santa Barbara 3 - Florida 3
TOP OF THE 8TH
Santa Barbara Golden Cranes batting - Pitching for Florida Men : RHP Scott Colorado
Pitching: RHP Wong Fei-Hung
Batting: LHB Su-wu Xiao 0-0: Ball
1-0: Ball
2-0: SINGLE (Line Drive, 34)
Batting: RHB James Pike 0-0: Called Strike
0-1: Grounds into double play, 1-6-3 (Groundball, 13)
Batting: LHB Jin-song Seah 0-0: Swinging Strike
0-1: Called Strike
0-2: Ball
1-2: Foul Ball, location: 2F
1-2: Foul Ball, location: 2F
1-2: Foul Ball, location: 2F
1-2: Foul Ball, location: 2F
1-2: SINGLE (Line Drive, 8LS)
Batting: RHB Gilbert Graham 0-0: Called Strike
Jin-song Seah steals 2nd base
0-1: Foul Ball, location: 2F
0-2: Strikes out looking
Top of the 8th over - 0 runs, 2 hits, 0 errors, 1 left on base; Santa Barbara 3 - Florida 3
BOTTOM OF THE 8TH
Florida Men batting - Pitching for Santa Barbara Golden Cranes : RHP Doug Green
Batting: RHB Jorge Díaz 0-0: Called Strike
0-1: Ball
1-1: Foul Ball, location: 2F
1-2: Ball
2-2: Ball
3-2: Foul Ball, location: 2F
3-2: SOLO HOME RUN (Line Drive, 7D), Distance : 377 ft
Batting: RHB Todd Sentell 0-0: Ball
1-0: Fly out, F9 (Flyball, 9)
Pitching: LHP Domingo Posadas
Batting: RHB Bob Phillips 0-0: Ball
1-0: Swinging Strike
1-1: Swinging Strike
1-2: Ball
2-2: Foul Ball, location: 2F
2-2: Strikes out swinging
Batting: RHB José Córdova 0-0: Foul Ball, location: 2F
0-1: Foul Ball, location: 2F
0-2: Ball
1-2: Ball
2-2: Foul Ball, location: 2F
2-2: Foul Ball, location: 2F
2-2: Ground out 6-3 (Groundball, 6)
Bottom of the 8th over - 1 run, 1 hit, 0 errors, 0 left on base; Santa Barbara 3 - Florida 4
TOP OF THE 9TH
Santa Barbara Golden Cranes batting - Pitching for Florida Men : RHP Wong Fei-Hung
Pitching: RHP Tomás Vargas
Now in CF: Alfred Miles
Batting: RHB Gerardo Vázquez 0-0: Called Strike
0-1: Ground out 5-3 (Groundball, 56)
Batting: RHB Adrian Rodgers 0-0: Ground out 5-3 (Groundball, 56)
Batting: RHB Rocky Zolman 0-0: SINGLE (Groundball, 34S) (infield hit)
Batting: RHB Freedon Akinmoladun 0-0: Ball
1-0: Foul Ball, location: 2F
1-1: Foul Ball, location: 2F
1-2: Ball
2-2: Foul Ball, location: 2F
2-2: Strikes out swinging
Top of the 9th over - 0 runs, 1 hit, 0 errors, 1 left on base; Santa Barbara 3 - Florida 4
Friday, March 29th, 2019 - OOTP Baseball 18.8 Build 76